TOP OF THE 1ST |
Minnesota Golden Gophers batting - Pitching for North Carolina Tar Heels : LHP Kevin Newton
|
Pitching: LHP Kevin Newton
|
|
Batting: SHB Van White
|
0-0: Ball 1-0: Ground out 3-1 (Groundball, 34)
|
Batting: RHB Esteban Ayala
|
0-0: Ball 1-0: Called Strike 1-1: Swinging Strike 1-2: Foul Ball, location: 2F 1-2: Foul Ball, location: 2F 1-2: Ball 2-2: Strikes out swinging
|
Batting: RHB Brady McIntyre
|
0-0: Called Strike 0-1: Ball 1-1: Foul Ball, location: 2F 1-2: Ground out 4-3 (Groundball, 4)
|
Top of the 1st over - 0 run(s), 0 hit(s), 0 error(s), 0 left on base; Minnesota 0 - North Carolina 0 |
BOTTOM OF THE 1ST |
North Carolina Tar Heels batting - Pitching for Minnesota Golden Gophers : LHP Michael Sims
|
Pitching: LHP Michael Sims
|
|
Batting: RHB Miguel Mendoza
|
0-0: Ground out 4-3 (Groundball, 4M)
|
Batting: RHB Frederick Curtis
|
0-0: Ground out 5-3 (Groundball, 56)
|
Batting: LHB Vaughn Carter
|
0-0: SINGLE (Line Drive, 34D)
|
Batting: RHB Mike Shelton
|
0-0: Ball 1-0: Foul Ball, location: 2F 1-1: Foul Ball, location: 2F 1-2: Strikes out swinging
|
Bottom of the 1st over - 0 run(s), 1 hit(s), 0 error(s), 1 left on base; Minnesota 0 - North Carolina 0 |
TOP OF THE 2ND |
Minnesota Golden Gophers batting - Pitching for North Carolina Tar Heels : LHP Kevin Newton
|
Batting: LHB Matt Murphy
|
0-0: Called Strike 0-1: Ball 1-1: Foul Ball, location: 2F 1-2: Ball 2-2: Ball 3-2: Base on Balls
|
Batting: RHB Ben Lund
|
0-0: Ball 1-0: Ball 2-0: Ball 3-0: Called Strike 3-1: Base on Balls Matt Murphy to second
|
Batting: RHB Tim Glendonwyn
|
0-0: Called Strike 0-1: Ball 1-1: Foul Ball, location: 2F 1-2: Foul Ball, location: 2F 1-2: Foul Ball, location: 2F 1-2: Ball 2-2: Foul Ball, location: 2F 2-2: Foul Ball, location: 2F 2-2: Ball 3-2: Fly out, F7 (Flyball, 7M)
|
Batting: LHB Doug Willard
|
0-0: Fly out, F9 (Flyball, 89M)
|
Batting: LHB Nick Hopper
|
0-0: Called Strike 0-1: SINGLE (Line Drive, 9S) Matt Murphy to third Ben Lund to second Runner from 3rd tries for Home, SAFE, no throw or cutoff
|
Batting: RHB Félix Escamilla
|
0-0: Foul Ball, location: 2F 0-1: Foul Ball, location: 2F 0-2: Ball 1-2: Ball 2-2: Fielders Choice at 2nd, 5-4 (Groundball, 56)
|
Top of the 2nd over - 1 run(s), 1 hit(s), 0 error(s), 1 left on base; Minnesota 1 - North Carolina 0 |
BOTTOM OF THE 2ND |
North Carolina Tar Heels batting - Pitching for Minnesota Golden Gophers : LHP Michael Sims
|
Batting: LHB José Morales
|
0-0: Ball 1-0: Called Strike 1-1: Ball 2-1: Swinging Strike 2-2: Strikes out swinging passed ball, reaches first!
|
Batting: RHB Derek Scott
|
0-0: Ball 1-0: Fly out, F8 (Flyball, 8RM)
|
Batting: SHB Richard Griffin
|
0-0: 2-RUN HOME RUN (Flyball, 7D), Distance : 345 ft
|
Batting: RHB Jeff Townsley
|
0-0: Ball 1-0: Foul Ball, location: 2F 1-1: Ball 2-1: Fly out, F8 (Flyball, 8LXD)
|
Batting: RHB Preston Wooten
|
0-0: Called Strike 0-1: Called Strike 0-2: Foul Ball, location: 2F 0-2: Ball 1-2: Ball 2-2: Strikes out looking
|
Bottom of the 2nd over - 2 run(s), 1 hit(s), 0 error(s), 0 left on base; Minnesota 1 - North Carolina 2 |
TOP OF THE 3RD |
Minnesota Golden Gophers batting - Pitching for North Carolina Tar Heels : LHP Kevin Newton
|
Batting: SHB Van White
|
0-0: Called Strike 0-1: Ball 1-1: SINGLE (Groundball, 23) (infield hit)
|
Batting: RHB Esteban Ayala
|
0-0: Grounds into double play, 5-4-3 (Groundball, 56)
|
Batting: RHB Brady McIntyre
|
0-0: Called Strike 0-1: Swinging Strike 0-2: Ball 1-2: Ball 2-2: Foul Ball, location: 2F 2-2: Ball 3-2: SINGLE (Groundball, 34D)
|
Batting: LHB Matt Murphy
|
0-0: Ball 1-0: Called Strike 1-1: Swinging Strike 1-2: Strikes out swinging
|
Top of the 3rd over - 0 run(s), 2 hit(s), 0 error(s), 1 left on base; Minnesota 1 - North Carolina 2 |
BOTTOM OF THE 3RD |
North Carolina Tar Heels batting - Pitching for Minnesota Golden Gophers : LHP Michael Sims
|
Batting: RHB Miguel Mendoza
|
0-0: Foul Ball, location: 2F 0-1: Swinging Strike 0-2: Ball 1-2: Strikes out looking
|
Batting: RHB Frederick Curtis
|
0-0: Ball 1-0: Swinging Strike 1-1: Ball 2-1: Swinging Strike 2-2: Ground out 6-3 (Groundball, 6)
|
Batting: LHB Vaughn Carter
|
0-0: Ball 1-0: Fly out, F9 (Flyball, 9M)
|
Bottom of the 3rd over - 0 run(s), 0 hit(s), 0 error(s), 0 left on base; Minnesota 1 - North Carolina 2 |
TOP OF THE 4TH |
Minnesota Golden Gophers batting - Pitching for North Carolina Tar Heels : LHP Kevin Newton
|
Batting: RHB Ben Lund
|
0-0: Ball 1-0: Foul Ball, location: 2F 1-1: Swinging Strike 1-2: Strikes out swinging
|
Batting: RHB Tim Glendonwyn
|
0-0: Called Strike 0-1: Fly out, F9 (Flyball, 9LM)
|
Batting: LHB Doug Willard
|
0-0: Ball 1-0: TRIPLE (Line Drive, 9LS)
|
Batting: LHB Nick Hopper
|
0-0: Ball 1-0: Ball 2-0: Foul Ball, location: 2F 2-1: Swinging Strike 2-2: Reached on Error, E9 (Flyball, 89M) Doug Willard scores
|
Batting: RHB Félix Escamilla
|
0-0: Fly out, F7 (Flyball, 78M)
|
Top of the 4th over - 1 run(s), 1 hit(s), 1 error(s), 1 left on base; Minnesota 2 - North Carolina 2 |
BOTTOM OF THE 4TH |
North Carolina Tar Heels batting - Pitching for Minnesota Golden Gophers : LHP Michael Sims
|
Batting: RHB Mike Shelton
|
0-0: SINGLE (Flyball, 7S)
|
Batting: LHB José Morales
|
0-0: Called Strike 0-1: Ball 1-1: Swinging Strike 1-2: Strikes out swinging
|
Batting: RHB Derek Scott
|
0-0: Ball 1-0: Ball Mike Shelton steals 2nd base 2-0: Ground out 6-3 (Groundball, 6) Mike Shelton to third
|
Batting: SHB Richard Griffin
|
0-0: Foul Ball, location: 2F 0-1: Called Strike 0-2: Strikes out looking
|
Bottom of the 4th over - 0 run(s), 1 hit(s), 0 error(s), 1 left on base; Minnesota 2 - North Carolina 2 |
TOP OF THE 5TH |
Minnesota Golden Gophers batting - Pitching for North Carolina Tar Heels : LHP Kevin Newton
|
Batting: SHB Van White
|
0-0: Ball 1-0: Foul Ball, location: 2F 1-1: Ball 2-1: SINGLE (Line Drive, 9LS)
|
Batting: RHB Esteban Ayala
|
0-0: Fly out, F9 (Flyball, 89M)
|
Batting: RHB Brady McIntyre
|
0-0: Ball 1-0: Ball Van White steals 2nd base 2-0: Intentional Walk
|
Pitching: LHP Chris McDonald
|
|
Batting: LHB Matt Murphy
|
0-0: Ball 1-0: Called Strike 1-1: Called Strike 1-2: Reached on Error, E7 (Flyball, 7M) Van White to third Brady McIntyre to second
|
Batting: RHB Ben Lund
|
0-0: Called Strike 0-1: SINGLE (Line Drive, 6MD) Van White scores Brady McIntyre to third Matt Murphy to second
|
Batting: RHB Tim Glendonwyn
|
0-0: Ball 1-0: Ball 2-0: Ball 3-0: Base on Balls Brady McIntyre scores Matt Murphy to third Ben Lund to second
|
Batting: LHB Doug Willard
|
0-0: Ball 1-0: Called Strike 1-1: Foul Ball, location: 2F 1-2: Ball 2-2: Ball 3-2: Foul Ball, location: 2F 3-2: Foul Ball, location: 2F 3-2: Foul Ball, location: 2F 3-2: Base on Balls Matt Murphy scores Ben Lund to third Tim Glendonwyn to second
|
Batting: LHB Nick Hopper
|
0-0: Called Strike 0-1: Foul Ball, location: 2F 0-2: Foul Ball, location: 2F 0-2: Ball 1-2: Foul Ball, location: 2F 1-2: Ball 2-2: Ball 3-2: Base on Balls Ben Lund scores Tim Glendonwyn to third Doug Willard to second
|
Batting: RHB Félix Escamilla
|
0-0: Ball 1-0: Swinging Strike 1-1: Foul Ball, location: 2F 1-2: Strikes out swinging
|
Batting: SHB Van White
|
0-0: Fielders Choice at 2nd, U6 (Groundball, 6M)
|
Top of the 5th over - 4 run(s), 2 hit(s), 1 error(s), 3 left on base; Minnesota 6 - North Carolina 2 |
BOTTOM OF THE 5TH |
North Carolina Tar Heels batting - Pitching for Minnesota Golden Gophers : LHP Michael Sims
|
Batting: RHB Jeff Townsley
|
0-0: Ground out 2-3 (Groundball, 23)
|
Batting: RHB Preston Wooten
|
0-0: Ball 1-0: Ball 2-0: Ball 3-0: Base on Balls
|
Batting: RHB Miguel Mendoza
|
0-0: Called Strike 0-1: Ball 1-1: Fly out, F6 (Line Drive, 6)
|
Batting: RHB Frederick Curtis
|
0-0: Ball 1-0: Ball 2-0: Swinging Strike 2-1: Ball 3-1: Reached on error, E5 (Groundball, 5L) Preston Wooten to second
|
Batting: LHB Vaughn Carter
|
0-0: Called Strike 0-1: Ball 1-1: Foul Ball, location: 2F 1-2: Ball 2-2: Strikes out swinging
|
Bottom of the 5th over - 0 run(s), 0 hit(s), 1 error(s), 2 left on base; Minnesota 6 - North Carolina 2 |
TOP OF THE 6TH |
Minnesota Golden Gophers batting - Pitching for North Carolina Tar Heels : LHP Chris McDonald
|
Batting: RHB Esteban Ayala
|
0-0: Called Strike 0-1: Foul Ball, location: 2F 0-2: Strikes out swinging
|
Batting: RHB Brady McIntyre
|
0-0: Fly out, F9 (Flyball, 89D)
|
Batting: LHB Matt Murphy
|
0-0: Called Strike 0-1: Ball 1-1: Ball 2-1: Ball 3-1: Foul Ball, location: 2F 3-2: Foul Ball, location: 2F 3-2: Ground out 4-3 (Groundball, 4)
|
Top of the 6th over - 0 run(s), 0 hit(s), 0 error(s), 0 left on base; Minnesota 6 - North Carolina 2 |
BOTTOM OF THE 6TH |
North Carolina Tar Heels batting - Pitching for Minnesota Golden Gophers : LHP Michael Sims
|
Batting: RHB Mike Shelton
|
0-0: Fly out, F9 (Flyball, 9LM)
|
Batting: LHB José Morales
|
0-0: Ball 1-0: SINGLE (Line Drive, 34D)
|
Batting: RHB Derek Scott
|
0-0: Ball 1-0: Called Strike 1-1: Called Strike 1-2: Strikes out swinging
|
Batting: SHB Richard Griffin
|
0-0: Swinging Strike 0-1: Fly out, F8 (Flyball, 8LXD)
|
Bottom of the 6th over - 0 run(s), 1 hit(s), 0 error(s), 1 left on base; Minnesota 6 - North Carolina 2 |
TOP OF THE 7TH |
Minnesota Golden Gophers batting - Pitching for North Carolina Tar Heels : LHP Chris McDonald
|
Batting: RHB Ben Lund
|
0-0: SOLO HOME RUN (Flyball, 8LXD), Distance : 395 ft
|
Batting: RHB Tim Glendonwyn
|
0-0: Called Strike 0-1: Ground out 6-3 (Groundball, 6)
|
Batting: LHB Doug Willard
|
0-0: Fly out, F6 (Popup, 6MS)
|
Batting: LHB Nick Hopper
|
0-0: Called Strike 0-1: Ball 1-1: Foul Ball, location: 2F 1-2: Ball 2-2: Strikes out swinging
|
Top of the 7th over - 1 run(s), 1 hit(s), 0 error(s), 0 left on base; Minnesota 7 - North Carolina 2 |
BOTTOM OF THE 7TH |
North Carolina Tar Heels batting - Pitching for Minnesota Golden Gophers : LHP Michael Sims
|
Batting: RHB Jeff Townsley
|
0-0: Ball 1-0: Ball 2-0: Foul Ball, location: 2F 2-1: Ball 3-1: Base on Balls
|
Pitching: RHP Ron Roach
|
|
Batting: RHB Preston Wooten
|
0-0: Ball 1-0: Called Strike 1-1: Ball 2-1: Foul Ball, location: 2F 2-2: Ball 3-2: Fly out, F9 (Flyball, 9LM)
|
Batting: RHB Miguel Mendoza
|
0-0: Called Strike 0-1: Swinging Strike 0-2: Strikes out looking Jeff Townsley steals 2nd base Batter strikes out.
|
Batting: RHB Frederick Curtis
|
0-0: Ball 1-0: Ball Wild Pitch! Jeff Townsley to third 2-0: SINGLE (Line Drive, 7S) Jeff Townsley scores
|
Batting: LHB Vaughn Carter
|
0-0: Called Strike 0-1: Ball 1-1: Swinging Strike 1-2: Ball 2-2: Ball Frederick Curtis steals 2nd base 3-2: Fly out, F5 (Popup, 5F)
|
Bottom of the 7th over - 1 run(s), 1 hit(s), 0 error(s), 1 left on base; Minnesota 7 - North Carolina 3 |
TOP OF THE 8TH |
Minnesota Golden Gophers batting - Pitching for North Carolina Tar Heels : LHP Chris McDonald
|
Pitching: RHP Paul Higgins
|
|
Batting: RHB Félix Escamilla
|
0-0: Ball 1-0: Ball 2-0: Called Strike 2-1: SOLO HOME RUN (Flyball, 7D), Distance : 360 ft
|
Batting: SHB Van White
|
0-0: Called Strike 0-1: Ground out 5-3 (Groundball, 56)
|
Batting: RHB Esteban Ayala
|
0-0: Ball 1-0: Foul Ball, location: 2F 1-1: Swinging Strike 1-2: Ball 2-2: Ground out 1-3 (Groundball, 15)
|
Batting: RHB Brady McIntyre
|
0-0: Foul Ball, location: 2F 0-1: Ball 1-1: Ball 2-1: Ball 3-1: Ground out 5-3 (Groundball, 5)
|
Top of the 8th over - 1 run(s), 1 hit(s), 0 error(s), 0 left on base; Minnesota 8 - North Carolina 3 |
BOTTOM OF THE 8TH |
North Carolina Tar Heels batting - Pitching for Minnesota Golden Gophers : RHP Ron Roach
|
Now in RF: Ramón López
|
|
Batting: RHB Mike Shelton
|
0-0: Called Strike 0-1: Called Strike 0-2: Foul Ball, location: 2F 0-2: Ball 1-2: Strikes out looking
|
Batting: LHB José Morales
|
0-0: Ball 1-0: Ball 2-0: Swinging Strike 2-1: Ground out 1-3 (Groundball, 15)
|
Batting: RHB Derek Scott
|
0-0: Ball 1-0: Ground out 5-3 (Groundball, 56)
|
Bottom of the 8th over - 0 run(s), 0 hit(s), 0 error(s), 0 left on base; Minnesota 8 - North Carolina 3 |
TOP OF THE 9TH |
Minnesota Golden Gophers batting - Pitching for North Carolina Tar Heels : RHP Paul Higgins
|
Batting: LHB Matt Murphy
|
0-0: Fly out, F9 (Popup, 4D)
|
Batting: RHB Ben Lund
|
0-0: SINGLE (Line Drive, 4D)
|
Batting: RHB Tim Glendonwyn
|
0-0: Ball 1-0: Ground out 5-3 (Groundball, 5S) Ben Lund to second
|
Batting: LHB Doug Willard
|
0-0: Fly out, F7 (Flyball, 78M)
|
Top of the 9th over - 0 run(s), 1 hit(s), 0 error(s), 1 left on base; Minnesota 8 - North Carolina 3 |
|